 Dungeon Crawl Stone Soup version 0.23.2-40-g277498a001 (webtiles) character file.

Game seed: 4284648174291756844

8786 Emblim88 the Thaumaturge (level 11, -1/85 HPs)
             Began as a Gnoll Warper on Aug 25, 2019.
             Was an Elder of Wu Jian.
             Slain by a spiny frog (8 damage)
             ... on level 1 of the Lair of Beasts.
             The game lasted 00:33:57 (11487 turns).

Emblim88 the Thaumaturge (Gnoll Warper)            Turns: 11487, Time: 00:33:58

Health: -1/85      AC: 10    Str: 16    XL:     11   Next: 36%
Magic:  23/23      EV: 17    Int: 16    God:    Wu Jian [****..]
Gold:   487        SH:  0    Dex: 18    Spells: 4/26 levels left

rFire    + . .     SeeInvis +   a - +7 quarterstaff of Voloh {speed, rPois rC- SInv Stlth+}
rCold    . . .     Gourm    .   (shield currently unavailable)
rNeg     . . .     Faith    .   b - +1 leather armour
rPois    +         Spirit   .   t - +0 helmet
rElec    +         Reflect  .   (no cloak)
rCorr    +         Harm     .   H - +0 pair of gloves
MR       .....                  (no boots)
Stlth    ++++......             q - amulet of magic regeneration
HPRegen  0.24/turn              c - +3 ring of protection
MPRegen  0.43/turn              J - +3 ring of strength

@: resistant
A: distributed training, fangs 1, strong nose
a: Wall Jump, Serpent's Lash, Renounce Religion


You were on level 1 of the Lair of Beasts.
You worshipped Wu Jian.
Wu Jian was greatly pleased with you.
You were very hungry.

You visited 2 branches of the dungeon, and saw 12 of its levels.

You collected 647 gold pieces.
You spent 160 gold pieces at shops.

Inventory:

Hand Weapons
 a - the +7 quarterstaff of Voloh (weapon) {speed, rPois rC- SInv Stlth+}
   (You found it on level 10 of the Dungeon)

   Attacks with this weapon are significantly faster.
   It makes you vulnerable to cold.
   It protects you from poison.
   It lets you see invisible.
   It makes you more stealthy.
 o - a +1 hunting sling of velocity
 A - a +0 great sword
 P - a +1 falchion of electrocution
Missiles
 e - 5 tomahawks of dispersal (quivered)
 l - 89 sling bullets
 n - 60 poisoned needles
 G - 8 tomahawks
 O - 2 throwing nets
Armour
 b - a +1 leather armour (worn)
 t - a +0 helmet (worn)
 H - a +0 pair of gloves (worn)
Magical Staves
 M - an uncursed staff of conjuration {unknown}
 N - an uncursed staff of wizardry {unknown}
Jewellery
 c - a +3 ring of protection (left hand)
 q - an amulet of magic regeneration (around neck)
 u - an uncursed ring of stealth
 C - an uncursed ring of flight
 J - a +3 ring of strength (right hand)
 K - an uncursed ring of protection from cold
Wands
 w - a wand of enslavement (6)
 y - a wand of paralysis (15)
 D - a wand of iceblast (9)
 L - a wand of acid (7)
Scrolls
 d - 4 scrolls of blinking
 g - a scroll of noise
 h - 2 scrolls of fog
 i - 2 scrolls of enchant armour
 j - 2 scrolls of holy word
 k - 4 scrolls of remove curse
 m - 2 scrolls of fear
 v - 2 scrolls of amnesia
 F - 3 scrolls of magic mapping
Potions
 p - a potion of magic
 s - 3 potions of might
 x - a potion of flight
 z - a potion of agility {unknown}
 B - 2 potions of mutation {unknown}
Comestibles
 f - 13 rations


   Skills:
 + Level 7.7 Fighting
 + Level 6.1 Short Blades
 + Level 7.7 Long Blades
 + Level 6.1 Axes
 + Level 6.1 Maces & Flails
 + Level 6.1 Polearms
 + Level 6.1 Staves
 + Level 6.1 Slings
 + Level 6.1 Bows
 + Level 6.1 Crossbows
 + Level 6.7 Throwing
 + Level 6.7 Armour
 + Level 7.7 Dodging
 + Level 6.1 Stealth
 + Level 6.1 Shields
 + Level 6.1 Unarmed Combat
 + Level 8.0 Spellcasting
 + Level 5.0 Conjurations
 + Level 5.0 Hexes
 + Level 5.0 Charms
 + Level 5.0 Summonings
 + Level 5.0 Necromancy
 + Level 7.5 Translocations
 + Level 5.0 Transmutations
 + Level 5.0 Fire Magic
 + Level 5.0 Ice Magic
 + Level 5.0 Air Magic
 + Level 5.0 Earth Magic
 + Level 5.0 Poison Magic
 + Level 6.7 Invocations
 + Level 6.1 Evocations


You had 4 spell levels left.
You knew the following spells:

 Your Spells              Type           Power        Failure   Level  Hunger
a - Blink                 Tloc           N/A          1%          2    None
b - Shroud of Golubria    Chrm/Tloc      ####......   1%          2    None
c - Teleport Other        Tloc           ####....     1%          3    ##.....
d - Searing Ray           Conj           ###...       2%          2    None
e - Magic Dart            Conj           ###.         1%          1    None
f - Dazzling Spray        Conj/Hex       ###...       4%          3    ##.....
g - Passage of Golubria   Tloc           N/A          6%          4    ####...
h - Ensorcelled Hibernat  Hex/Ice        ###...       2%          2    None
i - Confuse               Hex            ###.....     4%          3    ##.....

Your spell library contained the following spells:

 Spells                   Type           Power        Failure   Level  Hunger
 Animate Skeleton         Necr           N/A          1%          1    None
 Corona                   Hex            ###....      1%          1    None
 Pain                     Necr           ###.         1%          1    None
 Gell's Gravitas          Tloc           ####......   1%          3    ##.....
 Lesser Beckoning         Tloc           ####......   1%          3    ##.....
 Regeneration             Chrm/Necr      ###.......   4%          3    ##.....
 Tukima's Dance           Hex            ###.....     4%          3    ##.....
 Vampiric Draining        Necr           ###.......   4%          3    ##.....
 Force Lance              Conj/Tloc      ####....     10%         4    ####...
 Animate Dead             Necr           N/A          16%         4    ####...
 Fulminant Prism          Conj/Hex       ###.......   16%         4    ####...
 Iskenderun's Mystic Bla  Conj           ###.....     16%         4    ####...


Dungeon Overview and Level Annotations

Branches:
Dungeon (11/15)            Temple (0/1) D:4            Lair (1/6) D:11
    Orc (0/2) D:9

Altars:
Dithmenos
Nemelex Xobeh
Ru
Wu Jian
Xom
Yredelemnul

Shops:
D:9 !


Innate Abilities, Weirdness & Mutations

Your experience applies equally to all skills.
You have very sharp teeth.
Your uncanny sense of smell can sniff out nearby items.


Message History

The spiny frog is lightly wounded.
You feel sick. The spiny frog stings you.
You barely miss the spiny frog.
The spiny frog is lightly wounded.
You feel sick. The spiny frog stings you!
You barely miss the spiny frog.
The spiny frog is lightly wounded.
You feel sick. The spiny frog stings you!
You are more poisoned.
The spiny frog poisons you!
You barely miss the spiny frog.
You bite the spiny frog, but do no damage.
The spiny frog is lightly wounded.
You feel sick. The spiny frog stings you!
* * * LOW HITPOINT WARNING * * *
You feel better. The spiny frog stings you!!
* * * LOW HITPOINT WARNING * * *
You feel protected. The spiny frog stings you!
You die...

.............P
.............##
#....[........##
...........(.#
P............
##..........#
#............
#.F........
##@†.......
#P........
###.......
....... .......
#...... ......
......


You could see a spiny frog.

Vanquished Creatures
  Josephine (D:10)
  An ugly thing (D:11)
  Joseph (D:10)
  A gargoyle (D:9)
  3 hippogriffs
  Sigmund (D:2)
  6 wraiths
  3 hogs (D:10)
  A human (D:10)
  A hungry ghost (D:8)
  A yak (D:10)
  A warg (D:9)
  2 water moccasins
  A sky beast (D:7)
  A black bear (D:7)
  7 ice beasts
  2 orc warriors (D:9)
  2 hornet zombies
  7 ogres
  A necrophage (D:6)
  A centaur (D:8)
  2 big kobolds (D:11)
  4 bullfrogs
  2 wyvern skeletons
  A scorpion (D:8)
  A water moccasin skeleton (D:5)
  10 howler monkeys
  6 crimson imps
  A centaur zombie (D:7)
  4 hounds
  2 iguanas
  A jelly (D:5)
  6 orc priests
  3 bullfrog skeletons
  4 orc wizards
  9 worker ants
  A hound skeleton (D:8)
  A howler monkey zombie (D:7)
  Robin (D:3)
  4 gnolls (D:8)
  A howler monkey skeleton (D:7)
  11 adders
  A shadow imp (D:7)
  An ooze (D:4)
  An adder skeleton (D:5)
  A worm (D:2)
  3 leopard geckos
  43 orcs
  A ball python (D:2)
  6 bats
  6 giant cockroaches
  12 goblins
  8 hobgoblins
  4 jackals
  7 quokkas
  7 frilled lizards
  A giant cockroach zombie (D:6)
  A jackal zombie (D:8)
  12 kobolds
  3 leopard gecko skeletons
  A leopard gecko zombie (D:9)
  7 rats
246 creatures vanquished.

Notes
Turn   | Place    | Note
-------+----------+-------------------------------------------
     0 | D:1      | Emblim88 the Gnoll Warper began the quest for the Orb.
     0 | D:1      | Reached XP level 1. HP: 20/20 MP: 6/6
   103 | D:1      | Reached XP level 2. HP: 18/26 MP: 7/7
   634 | D:1      | Learned a level 2 spell: Blink
   637 | D:1      | Learned a level 2 spell: Shroud of Golubria
   662 | D:2      | Reached XP level 3. HP: 26/31 MP: 9/9
   804 | D:2      | Reached skill level 5 in Spellcasting
  1009 | D:2      | Reached skill level 1 in Invocations
  1127 | D:2      | Noticed Sigmund
  1164 | D:2      | Killed Sigmund
  1164 | D:2      | Reached skill level 1 in Short Blades
  1164 | D:2      | Reached skill level 1 in Axes
  1164 | D:2      | Reached skill level 1 in Maces & Flails
  1164 | D:2      | Reached skill level 1 in Polearms
  1164 | D:2      | Reached skill level 1 in Staves
  1164 | D:2      | Reached skill level 1 in Slings
  1164 | D:2      | Reached skill level 1 in Bows
  1164 | D:2      | Reached skill level 1 in Crossbows
  1164 | D:2      | Reached skill level 1 in Stealth
  1164 | D:2      | Reached skill level 1 in Shields
  1164 | D:2      | Reached skill level 1 in Unarmed Combat
  1164 | D:2      | Reached skill level 1 in Conjurations
  1164 | D:2      | Reached skill level 1 in Hexes
  1164 | D:2      | Reached skill level 1 in Charms
  1164 | D:2      | Reached skill level 1 in Summonings
  1164 | D:2      | Reached skill level 1 in Necromancy
  1164 | D:2      | Reached skill level 1 in Transmutations
  1164 | D:2      | Reached skill level 1 in Fire Magic
  1164 | D:2      | Reached skill level 1 in Ice Magic
  1164 | D:2      | Reached skill level 1 in Air Magic
  1164 | D:2      | Reached skill level 1 in Earth Magic
  1164 | D:2      | Reached skill level 1 in Poison Magic
  1164 | D:2      | Reached skill level 1 in Evocations
  1164 | D:2      | Reached XP level 4. HP: 19/38 MP: 11/11
  1164 | D:2      | Reached XP level 5. HP: 22/43 MP: 12/12
  1237 | D:2      | Found a faded altar of an unknown god.
  1563 | D:3      | Reached XP level 6. HP: 48/50 MP: 13/13
  1597 | D:3      | Noticed Robin
  1647 | D:3      | Killed Robin
  2108 | D:3      | Found an ornate altar of the Wu Jian Council.
  2108 | D:3      | Found a basalt altar of Yredelemnul.
  2342 | D:3      | Became a worshipper of the Wu Jian Council
  2643 | D:4      | Reached skill level 5 in Fighting
  2643 | D:4      | Reached skill level 5 in Long Blades
  2643 | D:4      | Reached skill level 5 in Dodging
  2863 | D:4      | Learned a level 3 spell: Teleport Other
  2866 | D:4      | Learned a level 2 spell: Searing Ray
  2868 | D:4      | Learned a level 1 spell: Magic Dart
  2872 | D:4      | Learned a level 3 spell: Dazzling Spray
  2911 | D:4      | Found a shadowy altar of Dithmenos.
  3011 | D:4      | Reached XP level 7. HP: 35/56 MP: 15/15
  3334 | D:4      | Found a staircase to the Ecumenical Temple.
  3590 | D:5      | Entered Level 5 of the Dungeon
  3909 | D:5      | Reached XP level 8. HP: 56/63 MP: 16/16
  4294 | D:5      | Reached * piety under Wu Jian
  4531 | D:5      | Reached skill level 6 in Spellcasting
  4820 | D:5      | Learned a level 4 spell: Passage of Golubria
  5170 | D:6      | Found a sparkling altar of Nemelex Xobeh.
  5359 | D:6      | Reached XP level 9. HP: 50/69 MP: 18/18
  5771 | D:7      | Found a shimmering altar of Xom.
  5771 | D:7      | Found a sparkling altar of Nemelex Xobeh.
  5772 | D:7      | Found a sacrificial altar of Ru.
  5892 | D:7      | Reached ** piety under Wu Jian
  7048 | D:8      | Reached skill level 5 in Throwing
  7048 | D:8      | Reached skill level 5 in Armour
  7453 | D:8      | Reached skill level 5 in Invocations
  7559 | D:8      | Found a shimmering altar of Xom.
  7569 | D:8      | Reached XP level 10. HP: 51/77 MP: 20/20
  7820 | D:8      | Reached skill level 7 in Spellcasting
  8317 | D:8      | Reached skill level 5 in Short Blades
  8317 | D:8      | Reached skill level 5 in Axes
  8317 | D:8      | Reached skill level 5 in Maces & Flails
  8317 | D:8      | Reached skill level 5 in Polearms
  8317 | D:8      | Reached skill level 5 in Staves
  8317 | D:8      | Reached skill level 5 in Slings
  8317 | D:8      | Reached skill level 5 in Bows
  8317 | D:8      | Reached skill level 5 in Crossbows
  8317 | D:8      | Reached skill level 5 in Stealth
  8317 | D:8      | Reached skill level 5 in Shields
  8317 | D:8      | Reached skill level 5 in Unarmed Combat
  8317 | D:8      | Reached skill level 5 in Evocations
  8789 | D:9      | Reached *** piety under Wu Jian
  8823 | D:9      | Found a staircase to the Orcish Mines.
  8851 | D:9      | Noticed a gargoyle
  8871 | D:9      | Killed a gargoyle
  9072 | D:9      | Found Meappef's Distillery.
  9384 | D:9      | Bought a potion of haste for 160 gold pieces
  9409 | D:9      | Learned a level 2 spell: Ensorcelled Hibernation
  9413 | D:9      | Learned a level 3 spell: Confuse
  9415 | D:10     | Entered Level 10 of the Dungeon
  9489 | D:10     | Noticed Joseph
  9500 | D:10     | Killed Joseph
  9552 | D:10     | Noticed Josephine
  9704 | D:10     | Killed Josephine
  9717 | D:9      | Reached XP level 11. HP: 17/84 MP: 19/22
 10186 | D:10     | Got a jewelled quarterstaff
 10187 | D:10     | Identified the +7 quarterstaff of Voloh {speed, rPois rC-
                  | SInv Stlth+} (You found it on level 10 of the Dungeon)
 10877 | D:11     | Reached **** piety under Wu Jian
 10896 | D:11     | Noticed a green ugly thing
 10905 | D:10     | Reached skill level 5 in Conjurations
 10905 | D:10     | Reached skill level 5 in Hexes
 10905 | D:10     | Reached skill level 5 in Charms
 10905 | D:10     | Reached skill level 5 in Summonings
 10905 | D:10     | Reached skill level 5 in Necromancy
 10905 | D:10     | Reached skill level 5 in Transmutations
 10905 | D:10     | Reached skill level 5 in Fire Magic
 10905 | D:10     | Reached skill level 5 in Ice Magic
 10905 | D:10     | Reached skill level 5 in Air Magic
 10905 | D:10     | Reached skill level 5 in Earth Magic
 10905 | D:10     | Reached skill level 5 in Poison Magic
 10934 | D:11     | Noticed a death knight
 10934 | D:11     | Noticed a skeletal warrior
 11225 | D:11     | Killed a green ugly thing
 11239 | D:11     | Reached skill level 8 in Spellcasting
 11256 | D:11     | Found a staircase to the Lair.
 11267 | Lair:1   | Entered Level 1 of the Lair of Beasts
 11487 | Lair:1   | Slain by a spiny frog

Skill      XL: |  1  2  3  4  5  6  7  8  9 10 11 |
---------------+----------------------------------+-----
Spellcasting   | 5 6 7 8 |  8.0
Invocations    | 1 2 3 4 5 6 |  6.7
Short Blades   | 1 2 3 4 5 6 |  6.1
Axes           | 1 2 3 4 5 6 |  6.1
Maces & Flails | 1 2 3 4 5 6 |  6.1
Polearms       | 1 2 3 4 5 6 |  6.1
Staves         | 1 2 3 4 5 6 |  6.1
Slings         | 1 2 3 4 5 6 |  6.1
Bows           | 1 2 3 4 5 6 |  6.1
Crossbows      | 1 2 3 4 5 6 |  6.1
Throwing       | 3 4 5 6 |  6.7
Armour         | 3 4 5 6 |  6.7
Stealth        | 1 2 3 4 5 6 |  6.1
Shields        | 1 2 3 4 5 6 |  6.1
Unarmed Combat | 1 2 3 4 5 6 |  6.1
Conjurations   | 1 2 3 4 5 |  5.0
Hexes          | 1 2 3 4 5 |  5.0
Charms         | 1 2 3 4 5 |  5.0
Summonings     | 1 2 3 4 5 |  5.0
Necromancy     | 1 2 3 4 5 |  5.0
Transmutations | 1 2 3 4 5 |  5.0
Fire Magic     | 1 2 3 4 5 |  5.0
Ice Magic      | 1 2 3 4 5 |  5.0
Air Magic      | 1 2 3 4 5 |  5.0
Earth Magic    | 1 2 3 4 5 |  5.0
Poison Magic   | 1 2 3 4 5 |  5.0
Evocations     | 1 2 3 4 5 6 |  6.1
Fighting       | 5 6 7 |  7.7
Long Blades    | 5 6 7 |  7.7
Dodging        | 5 6 7 |  7.7
Translocations | 6 7 |  7.5

Action                   |  1- 3 |  4- 6 |  7- 9 | 10-12 || total
-------------------------+-------+-------+-------+-------++-------
Melee: Falchion          |    97 |   149 |       |    75 ||   321
       Bite              |     6 |    23 |    23 |    27 ||    79
       Great sword       |       |    10 |   190 |    20 ||   220
       Punch             |       |       |       |     4 ||     4
       Quarterstaff      |       |       |       |   111 ||   111
 Fire: Hunting sling     |       |       |   128 |   190 ||   318
 Cast: Shroud of Golubri |     1 |     6 |     6 |    11 ||    24
       Magic Dart        |       |     7 |    18 |    11 ||    36
       Dazzling Spray    |       |       |     2 |       ||     2
       Teleport Other    |       |       |     1 |       ||     1
       Searing Ray       |       |       |     2 |       ||     2
       Confuse           |       |       |       |     3 ||     3
Invok: Lunge             |       |     3 |     8 |     1 ||    12
       Whirlwind         |       |       |       |     1 ||     1
Evoke: Wand              |       |       |     2 |       ||     2
  Use: Potion            |     5 |     1 |     4 |     7 ||    17
       Scroll            |       |     6 |     6 |     5 ||    17
 Stab: Sleeping          |       |     6 |    16 |     5 ||    27
       Distracted        |       |     1 |       |       ||     1
       Confused          |       |       |       |     1 ||     1
  Eat: Ration            |       |     2 |     3 |     3 ||     8
       Chunk             |       |       |     5 |     3 ||     8
Armor: Leather armour    |    30 |    43 |    86 |    80 ||   239
Dodge: Dodged            |    70 |   125 |   208 |   272 ||   675
       Rpst.: Falchion   |    23 |    38 |       |    24 ||    85
       Great sword       |       |     3 |    45 |     5 ||    53
